 Dungeon Crawl Stone Soup version 0.29-a0-356-g7bc237e783 (webtiles) character file.

Game seed: 10764987231330451250

469 chopper the Chopper (level 6, -1/53 HPs)
             Began as a Minotaur Fighter on Apr 27, 2022.
             Was an Initiate of Elyvilon.
             Succumbed to a killer bee's poison
             ... on level 5 of the Dungeon.
             The game lasted 00:16:39 (2951 turns).

chopper the Chopper (Minotaur Fighter)              Turns: 2951, Time: 00:16:40

Health: -1/53      AC: 12    Str: 21    XL:     6   Next: 82%
Magic:  5/5        EV:  4    Int:  5    God:    Elyvilon [......]
Gold:   194        SH: 14    Dex: 11    Spells: 5/5 levels left

rFire   . . .      SeeInvis .   a - +0 war axe
rCold   . . .      Faith    .   o - +0 kite shield
rNeg    . . .      Spirit   .   g - +0 plate armour
rPois   .          Reflect  +   (helmet restricted)
rElec   .          Harm     .   (no cloak)
rCorr   .          Rampage  .   (no gloves)
Will    .....                   (no boots)
Stlth   ..........              k - amulet of reflection
HPRegen 0.17/turn               (no ring)
MPRegen 0.09/turn               (no ring)

@: lethally poisoned (-1 -> -20), about to teleport
A: horns 2, retaliatory headbutt
a: Renounce Religion


You were on level 5 of the Dungeon.
You worshipped Elyvilon.
Elyvilon was noncommittal.
You visited 1 branch of the dungeon, and saw 6 of its levels.

You collected 194 gold pieces.

Inventory:

Hand Weapons
 a - a +0 war axe (weapon)
 j - a +2 short sword of venom
 u - a +2 whip of freezing
Missiles
 p - 4 javelins (quivered)
Armour
 c - a +0 buckler
 g - a +0 plate armour (worn)
 o - a +0 kite shield (worn)
Jewellery
 k - an amulet of reflection (around neck)
Wands
 h - a wand of flame (3)
Scrolls
 b - a scroll of enchant weapon {unknown}
 e - a scroll of identify
 f - 2 scrolls of vulnerability
 l - a scroll of magic mapping {unknown}
 q - a scroll of fear {unknown}
 s - a scroll of noise {unknown}
Potions
 d - a potion of magic {unknown}
 i - a potion of invisibility
 m - 3 potions of degeneration
 n - 2 potions of curing {unknown}
 r - a potion of flight {unknown}


   Skills:
 + Level 4.7 Fighting
 + Level 6.1 Axes
 + Level 5.4 Armour
 + Level 0.1 Dodging
 + Level 0.2 Stealth
 + Level 5.2 Shields


You had 5 spell levels left.
You didn't know any spells.
Your spell library contained the following spells:

 Spells                   Type           Power      Damage    Failure   Level
 Corpse Rot               Necr/Air       0%         N/A       100%        2
 Poisonous Vapours        Pois/Air       0%         N/A       100%        2
 Stone Arrow              Conj/Erth      0%         3d7       100%        3
 Animate Armour           Summ/Erth      0%         N/A       100%        4
 Lehudib's Crystal Spear  Conj/Erth      0%         10d2      100%        8


Dungeon Overview and Level Annotations

Branches:
Dungeon (6/15)             Temple (0/1) D:4

Altars:
Elyvilon

Shops:
D:1 *


Innate Abilities, Weirdness & Mutations

You have a pair of horns on your head.
You reflexively headbutt those who attack you in melee.


Message History

Your Axes skill increases to level 6!
You closely miss the killer bee.
The killer bee is severely wounded.
You barely miss the killer bee. You miss the killer bee.
You completely miss the killer bee. You block the killer bee's attack. x2
The killer bee stings you but does no damage.
The killer bee barely misses you.
The killer bee stings you but does no damage.
The killer bee stings you.
You are poisoned.
The killer bee poisons you!
The killer bee stings you but does no damage.
The killer bee stings you. x2
The killer bee stings you but does no damage.
You block the killer bee's attack. x2
As you read the scroll labelled FISHRU BO XISAU, it crumbles to dust.
It is a scroll of identify.
f - 2 scrolls of vulnerability You feel sick.
You block the killer bee's attack.
The killer bee stings you but does no damage. x2
The killer bee barely misses you. You block the killer bee's attack. x3
The killer bee stings you.
* * * LOW HITPOINT WARNING * * *
You are more poisoned.
The killer bee poisons you!
As you read the scroll of identify, it crumbles to dust.
m - 3 potions of degeneration
* * * LOW HITPOINT WARNING * * *
You feel very sick. The killer bee stings you.
* * * LOW HITPOINT WARNING * * *
The killer bee stings you.
* * * LOW HITPOINT WARNING * * *
You are more poisoned.
The killer bee poisons you! You block the killer bee's attack. x2
The killer bee stings you but does no damage. x3
You block the killer bee's attack.
As you read the scroll labelled CIORAEBRIO, it crumbles to dust.
You feel strangely unstable.
It was a scroll of teleportation.
You die...

######
#....##...
#y@y......
#yy#.#....
#yy# .. .
.... ...
....# #.#
...#.. .
##..##.
#.. .


You could see 6 killer bees.

Vanquished Creatures
  A water moccasin (D:5)
  An ogre (D:4)
  A scorpion (D:4)
  2 jellies (D:4)
  An iguana (D:4)
  7 adders
  An ufetubus (D:4)
  2 worms (D:2)
  A dart slug (D:3)
  An orc (D:4)
  5 ball pythons
  7 endoplasms
  4 giant cockroaches
  3 goblins
  3 hobgoblins
  A bat (D:3)
  4 frilled lizards
  5 kobolds
  6 rats
  A bush (D:3)
57 creatures vanquished.

Vanquished Creatures (others)
  A plant (D:3)
1 creature vanquished.

Grand Total: 58 creatures vanquished

Notes
Turn   | Place    | Note
-------+----------+-------------------------------------------
     0 | D:1      | chopper the Minotaur Fighter began the quest for the Orb.
     0 | D:1      | Reached XP level 1. HP: 19/19 MP: 0/0
   260 | D:1      | Reached XP level 2. HP: 27/27 MP: 1/1
   546 | D:1      | Found Virchia's General Store.
  1153 | D:2      | Reached skill level 3 in Axes
  1153 | D:2      | Reached XP level 3. HP: 30/33 MP: 2/2
  1526 | D:2      | Reached XP level 4. HP: 28/40 MP: 3/3
  2142 | D:3      | Found a white marble altar of Elyvilon.
  2173 | D:3      | Became a worshipper of Elyvilon the Healer
  2282 | D:4      | Noticed a scorpion
  2299 | D:4      | Killed a scorpion
  2300 | D:4      | Reached skill level 4 in Axes
  2300 | D:4      | Reached skill level 5 in Armour
  2300 | D:4      | Reached XP level 5. HP: 27/46 MP: 4/4
  2433 | D:4      | Noticed an ogre
  2449 | D:4      | Killed an ogre
  2469 | D:4      | Reached skill level 5 in Axes
  2511 | D:4      | Reached XP level 6. HP: 43/53 MP: 5/5
  2517 | D:4      | Found a staircase to the Ecumenical Temple.
  2891 | D:4      | Reached skill level 5 in Shields
  2913 | D:4      | You fall into a shaft and drop 2 floors!
  2913 | D:6      | Noticed an orc warrior
  2913 | D:6      | Noticed a water moccasin
  2942 | D:5      | Entered Level 5 of the Dungeon
  2947 | D:5      | Killed a water moccasin
  2948 | D:5      | Reached skill level 6 in Axes
  2951 | D:5      | Succumbed to a killer bee's poison

Illustrated notes

Levels and vault maps discovered:
D:1:      noname_arrival_rooms_in_the_neighbourhood, layout_loops_ring,
          serial_shops, nicolae_shop_trees
D:2:      layout_rooms
D:3:      layout_rooms, elyvilon_altar_5, serial_forest,
          infiniplex_forest_clump_tiny, infiniplex_forest_lined_corner,
          infiniplex_forest_diagonal, infiniplex_forest_lined_4_way
D:4:      layout_gridville, minmay_temple_entry_trees
D:5:      layout_basic, chequers_ossuary_entry_cave
D:6:      black_bear_nest_2, layout_loops_ring, uniq_grinder

Skill      XL: |  1  2  3  4  5  6 |
---------------+-------------------+-----
Armour         | 4 5 |  5.4
Fighting       | 4 |  4.7
Shields        | 4 5 |  5.2
Axes           | 3 4 5 6 |  6.1
Dodging        | |  0.1
Stealth        | |  0.2

Action                   |  1- 3 |  4- 6 || total
-------------------------+-------+-------++-------
Melee: War axe           |    70 |   131 ||   201
       Headbutt          |     4 |    22 ||    26
  Use: Potion            |     1 |     2 ||     3
       Scroll            |       |     3 ||     3
 Stab: Invisible         |       |     1 ||     1
Armor: Plate armour      |    40 |    66 ||   106
       Scale mail        |     4 |       ||     4
Dodge: Dodged            |    25 |    14 ||    39
Block: Buckler           |    20 |       ||    20
       Kite shield       |       |    94 ||    94

Table legend: (Time is in decaauts)
 A = Elapsed time spent in this place.
 B = Non-inter-level travel time spent in this place.
 C = Inter-level travel time spent in this place.
 D = Time resting spent in this place.
 E = Time spent auto-exploring this place.
 F = Levels seen in this place.
 G = Mean time per level.
                   A        B        C        D        E       F      G
               +--------+--------+--------+--------+--------+-----+--------+
         Total |   3035 |   3035 |      0 |    477 |      0 |   6 |  505.8 |
       Dungeon |   3035 |   3035 |      0 |    477 |      0 |   6 |  505.8 |
               +--------+--------+--------+--------+--------+-----+--------+

Top non-repeatable levels by time:
     D:1: 1143 daAuts
     D:4: 661 daAuts
     D:3: 630 daAuts
     D:2: 560 daAuts
     D:6: 29 daAuts
     D:5: 10 daAuts
